 Dungeon Crawl Stone Soup version 0.19-a0-1779-g7aee5af (webtiles) character file.

322 JeffiDaFish the Firebug (level 6, -7/48 HPs)
             Began as a Draconian Fire Elementalist on Oct 2, 2016.
             Killed from afar by an orc wizard (9 damage)
             ... with a magic dart
             ... on level 4 of the Dungeon.
             The game lasted 00:11:43 (3590 turns).

JeffiDaFish the Firebug (DrFE)                      Turns: 3590, Time: 00:11:44

Health: -7/48      AC:  6    Str: 13 (14) XL:     6   Next: 22%
Magic:  4/11       EV: 12    Int: 17      God:
Gold:   208        SH:  0    Dex:  9 (11) Spells: 2 memorised, 8 levels left

rFire  . . .     SeeInvis .     e - +5 dagger
rCold  . . .     Gourm    .     (armour unavailable)
rNeg   . . .     Faith    .     (no shield)
rPois  .         Spirit   .     (helmet restricted)
rElec  .         Dismiss  .     (no cloak)
rCorr  .         Reflect  .     (no gloves)
MR     .....     Harm     .     (no boots)
Stlth  ++........               (no amulet)
                                (no ring)
                                g - +3 ring of strength

@: lethally poisoned (-7 -> -8), slowed, very slow
A: unfitting armour, cold-blooded, AC +6
a: no special abilities


You were on level 4 of the Dungeon.
You were hungry.

You visited 1 branch of the dungeon, and saw 4 of its levels.

You collected 208 gold pieces.

Inventory:

Hand Weapons
 e - a +5 dagger (weapon)
Jewellery
 g - a +3 ring of strength (left hand)
Wands
 h - a wand of random effects (24/48)
Scrolls
 i - 3 scrolls of identify
 j - a scroll of recharging {unknown}
Potions
 d - a potion of magic
Books
 a - a book of Flames

   Spells                             Type                      Level
   a - Flame Tongue                   Conjuration/Fire             1
   b - Throw Flame                    Conjuration/Fire             2
   c - Conjure Flame                  Conjuration/Fire             3
   d - Inner Flame                    Hexes/Fire                   3
   e - Sticky Flame                   Conjuration/Fire             4
   f - Fireball                       Conjuration/Fire             5
Comestibles
 b - 2 bread rations
 c - 4 chunks of flesh
 f - a slice of pizza
 k - a meat ration


   Skills:
 + Level 1.6 Fighting
 + Level 1.5 Short Blades
 + Level 2.3 Dodging
 * Level 3.2 Stealth
 - Level 0.2 Unarmed Combat
 * Level 3.3 Spellcasting
 + Level 2.0 Conjurations
 + Level 4.1 Fire Magic


You had 8 spell levels left.
You knew the following spells:

 Your Spells              Type           Power        Failure   Level  Hunger
a - Flame Tongue          Conj/Fire      ##...        6%          1    None
b - Throw Flame           Conj/Fire      ##....       10%         2    ##.....


Dungeon Overview and Level Annotations

Branches:
Dungeon (4/15)
 Temple: D:4-7

Altars:


Innate Abilities, Weirdness & Mutations

Your plain brown scales are hard. (AC +6)
You cannot fit into any form of body armour.
You are cold-blooded and may be slowed by cold attacks.


Message History

The worker ant closely misses you.
The orc wizard hits you but does no damage.
The worker ant bites you.
* * * LOW HITPOINT WARNING * * *
You feel sick.
The orc wizard mumbles some strange words.
The worker ant bites you but does no damage.
The orc wizard hits you with a dagger.
* * * LOW HITPOINT WARNING * * *
The orc wizard hits you but does no damage.
The orc hits you with a mace.
* * * LOW HITPOINT WARNING * * *
The worker ant bites you but does no damage.
You feel sick. The orc wizard closely misses you.
The orc wizard casts a spell at you. The magic dart hits you!
* * * LOW HITPOINT WARNING * * *
The orc wizard points at you and mumbles some strange words.
The magic dart hits you!
You die...

..#......#..#....#..#
..'......#..#....#..#
'##......#..#....#..#
.........#..#....#..# #######
.........#..#....'..#######......
.........#..#....#..##....#......
.........#..#....#........#......
###.>....#..#....#........#......
#......#..#...@#####'####......
#......#..####.ooo.........####
###......#.....#.a...........#
.........'...>.#.............#...
.........#.....#.........(...#...
...###########'#.........(...##..
...'....##.....###########....#..
...#.....................'....#..
...#.....................#....#..


You could see a worker ant, an orc wizard and 2 orcs.

Vanquished Creatures
  A centaur skeleton (D:4)
  An orc priest (D:4)
  2 hounds (D:4)
  2 worker ants
  6 adders
  4 oozes
  An adder skeleton (D:4)
  A worm (D:3)
  2 dart slugs
  4 orcs (D:4)
  A ball python (D:3)
  5 giant cockroaches
  5 goblins
  10 hobgoblins
  5 jackals
  2 quokkas (D:2)
  5 bats
  7 frilled lizards
  4 kobolds
  14 rats
82 creatures vanquished.

Notes
Turn   | Place    | Note
-------+----------+-------------------------------------------
     0 | D:1      | JeffiDaFish the Draconian Fire Elementalist began the quest for the Orb.
     0 | D:1      | Reached XP level 1. HP: 14/14 MP: 3/3
   107 | D:1      | Reached XP level 2. HP: 10/20 MP: 5/5
   706 | D:1      | Reached XP level 3. HP: 26/26 MP: 6/6
  1916 | D:3      | Reached skill level 1 in Fighting
  1916 | D:3      | Reached XP level 4. HP: 18/35 MP: 5/7
  2368 | D:3      | Learned a level 2 spell: Throw Flame
  2480 | D:3      | Reached skill level 1 in Short Blades
  2646 | D:4      | Reached skill level 4 in Fire Magic
  2646 | D:4      | Reached XP level 5. HP: 33/40 MP: 9/9
  3300 | D:4      | Reached XP level 6. HP: 43/48 MP: 4/10
  3590 | D:4      | HP: 2/48 [orc wizard/magic dart (7)]
  3590 | D:4      | Killed from afar by an orc wizard

Vault maps used:
D:1:      roderic_dead_forest, minmay_rat_gold_closets
D:3:      hangedman_decor_lopped, minmay_door_square, minmay_joined_circles
D:4:      first_bread, uniq_edmund

Skill      XL: |  1  2  3  4  5 |
---------------+----------------+-----
Dodging        | 2 |  2.3
Stealth        | 2 3 |  3.2
Fighting       | 1 |  1.6
Short Blades   | 1 |  1.5
Spellcasting   | 3 |  3.3
Fire Magic     | 4 |  4.1
Conjurations   | 2 |  2.0
Unarmed Combat | |  0.2

Action                   |  1- 3 |  4- 6 || total
-------------------------+-------+-------++-------
Melee: Dagger            |   130 |   114 ||   244
       Unarmed           |     8 |       ||     8
       Tailslap          |    14 |     9 ||    23
       Punch             |       |     1 ||     1
 Cast: Flame Tongue      |     6 |    30 ||    36
       Throw Flame       |       |     8 ||     8
  Use: Potion            |     4 |     2 ||     6
       Scroll            |     6 |     1 ||     7
 Stab: Sleeping          |     5 |     1 ||     6
  Eat: Chunk             |     3 |     5 ||     8
       Beef jerky        |     1 |       ||     1
Armor: Skin              |    32 |    44 ||    76
Dodge: Dodged            |    73 |   100 ||   173
